 Dungeon Crawl Stone Soup version 0.28-a0-1555-g9ae15a6949 (webtiles) character file.

Game seed: 16640453445455221932

123 funkygono the Firebug (level 5, -6/35 HPs)
             Began as a Human Fire Elementalist on Jan 17, 2022.
             Mangled by a black bear (11 damage)
             ... on level 4 of the Dungeon on Jan 18, 2022.
             The game lasted 00:06:44 (4354 turns).

funkygono the Firebug (Human Fire Elementalist)     Turns: 4354, Time: 00:06:44

Health: -6/35      AC:  6    Str:  8    XL:     5   Next: 28%
Magic:  1/10       EV: 12    Int: 18    God:
Gold:   174        SH:  0    Dex: 13    Spells: 4/10 levels left

rFire   . . .      SeeInvis .   c - +0 short sword
rCold   . . .      Faith    .   (no shield)
rNeg    . . .      Spirit   .   a - +0 robe
rPois   .          Reflect  .   (no helmet)
rElec   .          Harm     .   (no cloak)
rCorr   .          Rampage  .   m - +1 pair of gloves
Will    .....                   j - +1 pair of boots
Stlth   ++........              (no amulet)
HPRegen 0.11/turn               (no ring)
MPRegen 0.12/turn               (no ring)

@: no status effects
A: no striking features
a: no special abilities


You were on level 4 of the Dungeon.
You visited 1 branch of the dungeon, and saw 4 of its levels.

You collected 264 gold pieces.
You spent 90 gold pieces at shops.

Inventory:

Hand Weapons
 c - a +0 short sword (weapon)
Missiles
 e - 142 stones (quivered)
Armour
 a - a +0 robe (worn)
 j - a +1 pair of boots (worn)
 l - a +0 leather armour
 m - a +1 pair of gloves (worn)
Jewellery
 p - a ring of flight
Scrolls
 g - a scroll of silence
 h - 2 scrolls of teleportation
 n - 2 scrolls of fog
Potions
 b - 4 potions of heal wounds
 d - 2 potions of berserk rage {unknown}
 f - a potion of attraction
 i - a potion of haste
 k - a potion of curing {unknown}


   Skills:
 + Level 0.1 Fighting
 + Level 2.0 Dodging
 - Level 2.0 Stealth
 * Level 3.4 Spellcasting
 * Level 1.7 Conjurations
 * Level 4.2 Fire Magic


You had 4 spell levels left.
You knew the following spells:

 Your Spells              Type           Power      Damage    Failure   Level
a - Foxfire               Conj/Fire      52%        2x1d6     4%          1
b - Scorch                Fire           36%        2d7       4%          2
c - Conjure Flame         Conj/Fire      13%        6-21      14%         3

Your spell library contained the following spells:

 Spells                   Type           Power      Damage    Failure   Level
 Inner Flame              Hex/Fire       10%        N/A       21%         3
 Flame Wave               Conj/Fire      13%        2d5       41%         4
 Malign Gateway           Summ/Tloc      1%         N/A       100%        7
 Summon Horrible Things   Summ           1%         N/A       100%        8


Dungeon Overview and Level Annotations

Branches:
Dungeon (4/15)
 Temple: D:4-7

Altars:

Shops:
D:2 :*(?


Message History

The black bear is heavily wounded.
The foxfire hits the black bear but does no damage.
The black bear is heavily wounded.
Unknown command.
The foxfire hits the black bear.
The black bear is heavily wounded.
The foxfire hits the black bear.
The black bear is severely wounded.
Casting: Foxfire (safe; 4% risk of failure)
Confirm with . or Enter, or press ? or * to list all spells.
You conjure some foxfire!
Your foxfire dissipates!
The foxfire hits the black bear but does no damage.
The black bear is heavily wounded.
You see here a ball python corpse.
Casting: Foxfire (safe; 4% risk of failure)
Confirm with . or Enter, or press ? or * to list all spells.
You conjure some foxfire!
The black bear bites you. The black bear misses you.
The black bear claws you but does no damage.
The foxfire hits the black bear.
The black bear is severely wounded.
The foxfire hits the black bear.
The black bear is severely wounded.
The black bear goes berserk!
The black bear bites you!
The black bear claws you but does no damage. x2
The black bear bites you. The black bear claws you.
The black bear closely misses you. The black bear closely misses you.
The black bear claws you. x2
* * * LOW HITPOINT WARNING * * *
You see here a +0 ring mail.
The black bear bites you.
* * * LOW HITPOINT WARNING * * *
The black bear claws you but does no damage.
The black bear claws you.
* * * LOW HITPOINT WARNING * * *
The black bear closely misses you.
The black bear claws you but does no damage. x2
The black bear bites you!
You die...

#### #.#.###......###
...##### #.#.###..#...#
.....†.# #.#..........#
##.###.# #.####.#.#.###
##.###.###.#.##.#.#.#
..............#.#.#.#
##.###.###..........####
#.##...####............
#.##.....[...rh@...###
#.##...#.#####.#####
##.#####........#
..........#######
##.#####.## #.####...#
#........# ######...#
#####


You could see a black bear (berserk) and a quokka.

Vanquished Creatures
  A hound (D:4)
  An adder (D:2)
  A worm (D:3)
  4 dart slugs
  5 orcs (D:3)
  5 ball pythons
  6 endoplasms
  4 giant cockroaches
  5 goblins
  5 hobgoblins
  4 jackals (D:1)
  2 kobolds
  5 quokkas
  4 bats
  A frilled lizard (D:1)
  A quokka skeleton (D:3)
  8 rats
62 creatures vanquished.

Vanquished Creatures (others)
  150 foxfires
150 creatures vanquished.

Grand Total: 212 creatures vanquished

Notes
Turn   | Place    | Note
-------+----------+-------------------------------------------
     0 | D:1      | funkygono the Human Fire Elementalist began the quest for
                  | the Orb.
     0 | D:1      | Reached XP level 1. HP: 13/13 MP: 3/3
   224 | D:1      | Reached XP level 2. HP: 19/19 MP: 3/5
   227 | D:1      | Learned a level 2 spell: Scorch
   281 | D:1      | Found a faded altar of an unknown god.
   565 | D:1      | Reached XP level 3. HP: 22/24 MP: 2/6
   569 | D:1      | Learned a level 3 spell: Conjure Flame
  1681 | D:1      | Upgraded the game from 0.28-a0-1520-gc3277d3759 to
                  | 0.28-a0-1555-g9ae15a6949
  1727 | D:2      | Found Bilugo's Assorted Antiques.
  1845 | D:2      | Reached XP level 4. HP: 30/30 MP: 3/8
  1968 | D:2      | Found Fuzoug's Antique Weapon Boutique.
  2039 | D:2      | Found Rizifot's Magic Scroll Shoppe.
  2044 | D:2      | Bought a scroll of enchant armour for 90 gold pieces
  2181 | D:2      | You fall into a shaft and drop 1 floor!
  2225 | D:3      | Reached skill level 4 in Fire Magic
  2737 | D:2      | Found Kytuvoyq's Book Shop.
  4317 | D:4      | Reached XP level 5. HP: 35/35 MP: 3/10
  4319 | D:4      | Noticed a black bear
  4354 | D:4      | Mangled by a black bear

Illustrated notes

Levels and vault maps discovered:
D:1:      dpeg_cavernosity, layout_basic, ebering_ecumenical_altar_rust,
          amcnicky_mini_pool_small, st_stairs_4
D:2:      layout_basic, serial_shops, shop, nicolae_shop_waterfront,
          nicolae_shop_overgrown_old_shop, shop_coins, item_on_display_a
D:3:      layout_basic, hangedman_decor_points
D:4:      layout_loops_ring, lemuel_tele_altar,
          minmay_temple_entry_enclosed_plants

Skill      XL: |  1  2  3  4 |
---------------+-------------+-----
Fire Magic     | 4 |  4.2
Spellcasting   | 3 |  3.4
Fighting       | |  0.1
Dodging        | |  2.0
Stealth        | |  2.0
Conjurations   | |  1.7

Action                   |  1- 3 |  4- 6 || total
-------------------------+-------+-------++-------
Melee: Short sword       |     8 |     4 ||    12
 Cast: Foxfire           |    41 |    50 ||    91
       Scorch            |     6 |    11 ||    17
  Use: Scroll            |     2 |     6 ||     8
Armor: Robe              |       |    10 ||    10
Dodge: Dodged            |    11 |    13 ||    24

Table legend: (Time is in decaauts)
 A = Elapsed time spent in this place.
 B = Non-inter-level travel time spent in this place.
 C = Inter-level travel time spent in this place.
 D = Time resting spent in this place.
 E = Time spent auto-exploring this place.
 F = Levels seen in this place.
 G = Mean time per level.
                   A        B        C        D        E       F      G
               +--------+--------+--------+--------+--------+-----+--------+
         Total |   4356 |   4271 |     85 |     25 |   3737 |   4 | 1089.0 |
       Dungeon |   4356 |   4271 |     85 |     25 |   3737 |   4 | 1089.0 |
               +--------+--------+--------+--------+--------+-----+--------+

Top non-repeatable levels by time:
     D:1: 1729 daAuts
     D:2: 1175 daAuts
     D:3: 1106 daAuts
     D:4: 345 daAuts
